 Dungeon Crawl Stone Soup version 0.27-a0-1200-g94dc6ad4cf (webtiles) character file.

Game seed: 329027464654784128

3107 27snakeeyes612 the Carver (level 9, -22/85 HPs)
             Began as a Naga Berserker on June 1, 2021.
             Was an Elder of Trog.
             Annihilated by a tengu warrior
             ... wielding a +2 battleaxe
              (26 damage)
             ... on level 7 of the Dungeon.
             The game lasted 00:08:32 (8932 turns).

27snakeeyes612 the Carver (Naga Berserker)          Turns: 8932, Time: 00:08:32

Health: -22/85     AC:  9    Str: 22    XL:     9   Next: 90%
Magic:  9/9        EV: 11    Int: 14    God:    Trog [****..]
Gold:   286        SH:  0    Dex: 13    Spells: 8/8 levels left

rFire    . . .     SeeInvis +   a - +0 falchion
rCold    . . .     Faith    .   (no shield)
rNeg     . . .     Spirit   .   n - +1 leather armour "Kigen" {Dex+2}
rPois    +         Reflect  .   h - +0 helmet
rElec    .         Harm     .   j - +1 cloak
rCorr    .         Rampage  .   (no gloves)
Will     +....                  (no barding)
Stlth    ++........             (no amulet)
HPRegen  0.24/turn              l - +6 ring of intelligence
MPRegen  0.11/turn              (no ring)

@: about to teleport, very slow
A: AC +3, large, see invisible, deformed body, poison resistance, slowness 2,
spit poison 1, naga tail 1
a: Spit Poison, Renounce Religion, Berserk, Trog's Hand, Brothers in Arms


You were on level 7 of the Dungeon.
You worshipped Trog.
Trog was greatly pleased with you.
You visited 1 branch of the dungeon, and saw 9 of its levels.
You also visited: Ossuary.

You collected 346 gold pieces.
You spent 60 gold pieces at shops.

Inventory:

Hand Weapons
 a - a +0 falchion (weapon)
Armour
 b - a +0 animal skin
 h - a +0 helmet (worn)
 j - a +1 cloak (worn)
 n - the +1 leather armour "Kigen" (worn) {Dex+2}
   (You found it on level 4 of the Dungeon)

   It affects your dexterity (+2).
Jewellery
 l - a +6 ring of intelligence (left hand)
 u - a +6 ring of dexterity
Wands
 c - a wand of iceblast (6)
 i - a wand of flame (23)
Scrolls
 g - a scroll of teleportation
 p - 2 scrolls of identify
 t - a scroll of enchant armour {unknown}
Potions
 d - a potion of cancellation
 e - a potion of ambrosia
 f - a potion of flight {unknown}
 k - 3 potions of curing
 m - 2 potions of heal wounds
 o - a potion of degeneration {unknown}
 q - a potion of attraction {unknown}
 r - a potion of brilliance {unknown}
 s - a potion of resistance {unknown}
 v - a potion of lignification {unknown}


   Skills:
 + Level 6.7 Fighting
 + Level 9.6 Long Blades
 + Level 3.8 Armour
 + Level 5.2 Dodging
 + Level 4.1 Stealth


You had 8 spell levels left.
You didn't know any spells.
Your spell library was empty.

Dungeon Overview and Level Annotations

Branches:
Dungeon (9/15)             Temple (0/1) D:4         Ossuary (visited)
   Lair: D:8-11         Orc: D:9-12

Altars:
Elyvilon
Hepliaklqana
Kikubaaqudgha
Vehumet
Zin
The Shining One

Shops:
D:2 [   D:6 !


Innate Abilities, Weirdness & Mutations

Your serpentine skin is tough. (AC +3)
You have supernaturally acute eyesight. (SInv)
Armour fits poorly on your strangely shaped body.
Your system is resistant to poisons. (rPois)
You cover ground very slowly.
You can spit poison.
You have a snake-like lower body.


Message History

The tengu warrior pecks you but does no damage.
The tengu warrior barely misses you.
The tengu warrior hits you with a +2 battleaxe!
The tengu warrior pecks you. The tengu warrior closely misses you.
The tengu warrior misses you.
The tengu warrior pecks you but does no damage.
The tengu warrior claws you.
Your ogre goes berserk!
The tengu warrior closely misses you. The tengu warrior pecks you.
* * * LOW HITPOINT WARNING * * *
The tengu warrior barely misses you.
Your ogre closely misses the tengu warrior.
You feel much better.
The tengu warrior hits you with a +2 battleaxe!
The tengu warrior hits your ogre with a +2 battleaxe!
The tengu warrior pecks you.
The tengu warrior claws you but does no damage.
Your ogre closely misses the tengu warrior.
Your ogre barely misses the tengu warrior.
The tengu warrior hits you with a +2 battleaxe!
The tengu warrior hits your ogre with a +2 battleaxe!
The tengu warrior pecks you.
* * * LOW HITPOINT WARNING * * *
The tengu warrior claws you.
* * * LOW HITPOINT WARNING * * *
Your ogre completely misses the tengu warrior.
Your ogre hits the tengu warrior with a +0 giant club!
The tengu warrior hits you with a +2 battleaxe!
* * * LOW HITPOINT WARNING * * *
The tengu warrior hits your ogre with a +2 battleaxe!
The tengu warrior misses you. The tengu warrior claws you.
* * * LOW HITPOINT WARNING * * *
Your ogre hits the tengu warrior with a +0 giant club!!
Your ogre misses the tengu warrior. The tengu warrior closely misses you.
The tengu warrior pecks you but does no damage.
The tengu warrior claws you but does no damage.
As you read the scroll of teleportation, it crumbles to dust.
You feel strangely unstable.
Your ogre misses the tengu warrior.
The tengu warrior hits you with a +2 battleaxe!!
You die...

.[#########'### #.#
..##...##.....# #.#
..#.....#.....# #.#
..#...†.'..8..+ #.#
#.#...).#.....# #####.#######
#.##...##.....# #............
#.#######.....############.######
........#.....#............#
..............OQ@...########
##.####.#####....#.##
#....^..........#.#
######.#######.##.# #.# ####.#
#.# #.# #.##########.#
#............# ##############


You could see a tengu warrior (ally target) and a friendly ogre (summoned,
berserk).

Vanquished Creatures
  A manticore (D:7)
  A komodo dragon (D:6)
  A wyvern (D:5)
  Edmund (D:4)
  A water moccasin (D:8)
  3 black bears
  An orc warrior (D:6)
  2 ice beasts (D:5)
  A necrophage (D:4)
  2 ogres
  2 centaurs (D:6)
  A gnoll sergeant (D:6)
  2 bullfrogs
  2 vampire bats (D:5)
  3 centaur zombies
  A bullfrog zombie (D:5)
  A jelly (D:6)
  4 human zombies (Ossuary)
  A bullfrog skeleton (D:4)
  2 hounds (D:4)
  An orc priest (D:6)
  3 iguanas
  3 orc wizards
  A scorpion zombie (D:5)
  A hound skeleton (D:4)
  A hound zombie (D:5)
  2 mummies (Ossuary)
  4 gnolls (D:4)
  A howler monkey skeleton (D:4)
  6 adders
  An ufetubus (D:6)
  An adder zombie (Ossuary)
  An adder skeleton (D:4)
  4 dart slugs
  15 orcs
  4 bat skeletons (D:5)
  3 bat zombies (D:5)
  7 endoplasms
  A giant cockroach (D:1)
  6 goblins
  7 hobgoblins
  6 jackals
  3 quokkas
  5 ball pythons
  10 bats
  3 frilled lizards
  A goblin zombie (Ossuary)
  10 hobgoblin zombies (Ossuary)
  2 jackal zombies (Ossuary)
  4 kobolds
  7 kobold zombies (Ossuary)
  10 orc zombies (Ossuary)
  A quokka skeleton (D:4)
  3 rats
  A rat zombie (Ossuary)
172 creatures vanquished.

Notes
Turn   | Place    | Note
-------+----------+-------------------------------------------
     0 | D:1      | 27snakeeyes612 the Naga Berserker began the quest for the
                  | Orb.
     0 | D:1      | Reached XP level 1. HP: 21/21 MP: 1/1
   221 | D:1      | Found a faded altar of an unknown god.
   334 | D:1      | Reached XP level 2. HP: 16/28 MP: 2/2
  1072 | D:1      | Reached XP level 3. HP: 22/34 MP: 3/3
  1311 | D:2      | Found Golecon's Antique Armour Shoppe.
  1431 | D:2      | Reached ** piety under Trog
  2608 | D:3      | Reached XP level 4. HP: 41/42 MP: 4/4
  2632 | D:3      | Reached skill level 4 in Long Blades
  2887 | D:3      | Reached skill level 1 in Stealth
  3188 | D:3      | Found a glowing silver altar of Zin.
  3448 | D:4      | Noticed a necrophage
  3460 | D:4      | Killed a necrophage
  3461 | D:4      | Reached XP level 5. HP: 50/50 MP: 5/5
  3548 | D:4      | Reached XP level 6. HP: 51/57 MP: 6/6
  3655 | D:4      | Reached skill level 5 in Long Blades
  4157 | D:4      | Found a staircase to the Ecumenical Temple.
  4175 | D:4      | Noticed Edmund
  4186 | D:4      | Killed Edmund
  4187 | D:4      | Reached XP level 7. HP: 66/66 MP: 7/7
  4293 | D:4      | Reached *** piety under Trog
  4363 | D:4      | Identified the +1 leather armour "Kigen" {Dex+2}
  4855 | D:4      | Found a glowing golden altar of the Shining One.
  4972 | D:5      | Entered Level 5 of the Dungeon
  4974 | D:5      | Noticed a wyvern
  4983 | D:4      | Reached skill level 6 in Long Blades
  5147 | D:5      | Found a sand-covered staircase.
  5152 | Ossuary  | Entered an ossuary
  5344 | Ossuary  | Reached **** piety under Trog
  5480 | Ossuary  | Reached XP level 8. HP: 25/73 MP: 8/8
  5919 | D:5      | Reached skill level 5 in Fighting
  5919 | D:5      | Reached skill level 7 in Long Blades
  6760 | D:5      | Found an ancient bone altar of Kikubaaqudgha.
  6885 | D:5      | Killed a wyvern
  6886 | D:5      | Reached skill level 8 in Long Blades
  7040 | D:6      | You fall into a shaft and drop 3 floors!
  7089 | D:9      | Found a radiant altar of Vehumet.
  7163 | D:8      | Reached XP level 9. HP: 77/82 MP: 9/9
  7205 | D:8      | Found a white marble altar of Elyvilon.
  7461 | D:6      | Found a hazy altar of Hepliaklqana.
  8062 | D:6      | Noticed a komodo dragon
  8076 | D:6      | Killed a komodo dragon
  8077 | D:6      | Reached skill level 9 in Long Blades
  8213 | D:6      | Reached skill level 5 in Dodging
  8501 | D:6      | Found Natov's Distillery.
  8504 | D:6      | Bought a potion of heal wounds for 60 gold pieces
  8796 | D:7      | Noticed a manticore
  8805 | D:7      | Killed a manticore
  8909 | D:7      | Noticed a tengu warrior
  8929 | D:7      | HP: 3/85 [tengu warrior/+2 battleaxe (5)]
  8932 | D:7      | Annihilated by a tengu warrior

Illustrated notes

Levels and vault maps discovered:
D:1:      lightli_arrival_isolated_outpost, layout_loops_ring,
          chequers_ecumenical_altar_lobes, hex_large
D:2:      minmay_alternating_diamond, layout_basic, serial_shops,
          nicolae_shop_stone
D:3:      layout_basic, lemuel_round_altar, kennysheep_big_empty_room,
          minmay_quadrilaterals
D:4:      layout_gridville, lemuel_coloured_pillars_altar, temple_statues,
          uniq_edmund
D:5:      layout_loops_cross, kennysheep_vampire_church,
          nicolae_ossuary_entry_plus
D:6:      layout_rooms, kennysheep_mini, serial_shops, kennysheep_mini_moat,
          minmay_chambers_of_fives
D:7:      layout_loops_ring, fedhas_bush_and_centaur_altar,
          chequers_serial_rivers_large_a, minmay_three_doors
D:8:      layout_basic, makhleb_grotto_becter, lemuel_crystal_altar,
          serial_park_tiny_2
D:9:      layout_loops_ring, general_overflow_altar,
          nicolae_overflow_hidden_temple, nrook_campfire, kennysheep_path_1

Skill      XL: |  1  2  3  4  5  6  7  8  9 |
---------------+----------------------------+-----
Dodging        | 2 3 4 5 |  5.2
Long Blades    | 4 5 6 8 9 |  9.6
Stealth        | 1 2 3 4 |  4.1
Fighting       | 4 5 6 |  6.7
Armour         | 2 3 |  3.8

Action                   |  1- 3 |  4- 6 |  7- 9 || total
-------------------------+-------+-------+-------++-------
Melee: Falchion          |   115 |   131 |   445 ||   691
Invok: Berserk           |       |     5 |     8 ||    13
       Trog's Hand       |       |       |     1 ||     1
       Brothers in Arms  |       |       |     1 ||     1
 Abil: Spit Poison       |       |     1 |    10 ||    11
  Use: Scroll            |       |       |    11 ||    11
       Potion            |       |       |     4 ||     4
 Stab: Sleeping          |     1 |       |     2 ||     3
Armor: Animal skin       |    26 |    68 |     4 ||    98
       Leather armour    |       |       |   243 ||   243
Dodge: Dodged            |    72 |   111 |   313 ||   496
       Rpst.: Falchion   |    24 |    32 |    82 ||   138

Table legend: (Time is in decaauts)
 A = Elapsed time spent in this place.
 B = Non-inter-level travel time spent in this place.
 C = Inter-level travel time spent in this place.
 D = Time resting spent in this place.
 E = Time spent auto-exploring this place.
 F = Levels seen in this place.
 G = Mean time per level.
                   A        B        C        D        E       F      G
               +--------+--------+--------+--------+--------+-----+--------+
         Total |  10772 |  10416 |    356 |   1273 |   7506 |  10 | 1077.2 |
       Dungeon |  10092 |   9736 |    356 |   1273 |   7037 |   9 | 1121.3 |
       Ossuary |    680 |    680 |      0 |      0 |    468 |   1 |  680.0 |
               +--------+--------+--------+--------+--------+-----+--------+

Top non-repeatable levels by time:
     D:4: 1997 daAuts
     D:5: 1678 daAuts
     D:1: 1555 daAuts
     D:6: 1518 daAuts
     D:3: 1424 daAuts
     D:2: 1128 daAuts
 Ossuary: 680 daAuts
     D:7: 463 daAuts
     D:8: 231 daAuts
     D:9: 95 daAuts
